 Dungeon Sprint DCSS version 0.30-a0-469-g84de5afbc5 (webtiles) character file.

Game seed: 2787701942244594635

3900000 NinjaNoafa the Plane Walker (level 18, -142/127 HPs)
             Began as a Spriggan Warper on Dec 19, 2022.
             Was a High Priest of Makhleb.
             Annihilated by a sculptor of flesh
             ... wielding a +9 great sword
              (269 damage)
             ... in the Dungeon (Sprint VIII: "Arena of Blood").
             The game lasted 00:00:59 (39 turns).

NinjaNoafa the Plane Walker (Spriggan Warper)         Turns: 39, Time: 00:01:00

Health: -142/127   AC:  2    Str:  7    XL:     18   Next: 48%
Magic:  10/49      EV: 42    Int: 17    God:    Makhleb [*****.]
Gold:   0          SH:  0    Dex: 20    Spells: 70/70 levels left

rFire   . . .      SeeInvis +    j - +∞ Axe of Woe
rCold   . . .      Faith    .    (shield currently unavailable)
rNeg    . . .      Spirit   .    b - +0 robe
rPois   .          Reflect  .    (helmet restricted)
rElec   .          Harm     .    (no cloak)
rCorr   .          Rampage  .    (gloves unavailable)
Will    +++..      NoTele   +    (boots unavailable)
Stlth   ++........               (no amulet)
HPRegen 0.41/turn                (no ring)
MPRegen 0.31/turn                (no ring)

@: hasted, very quick
A: very small, no large weapons, unfitting armour, see invisible, speed 3
a: Renounce Religion, Minor Destruction, Lesser Servant of Makhleb, Major
Destruction, Greater Servant of Makhleb


You were in the Dungeon.
You worshipped Makhleb.
Makhleb was extremely pleased with you.
You visited 1 branch

Inventory:

Hand Weapons
 a - a +0 hand axe
 j - the +∞ Axe of Woe (weapon)
   (You found it in the Dungeon)
Missiles
 d - 7 boomerangs of dispersal (quivered)
Armour
 b - a +0 robe (worn)
Scrolls
 c - a scroll of blinking
Potions
 e - a potion of curing
 f - a potion of heal wounds
 h - 2 potions of magic
 i - a potion of berserk rage


   Skills:
 O Level 27 Fighting
 + Level 21.4 Axes
 - Level 23.0 Throwing
 O Level 27 Dodging
 - Level 26.7 Spellcasting
 O Level 27 Translocations
 O Level 27 Invocations


You had 70 spell levels left.
You didn't know any spells.
Your spell library contained the following spells:

 Spells                   Type           Power      Damage    Failure   Level
 Blink                    Tloc           100%       N/A       0%          2
 Lesser Beckoning         Tloc           100%       N/A       0%          3
 Teleport Other           Tloc           85%        N/A       0%          3
 Manifold Assault         Tloc           85%        N/A       0%          4
 Vhi's Electric Charge    Tloc/Air       100%       N/A       1%          3


Dungeon Overview and Level Annotations

Branches:
Dungeon (1/1)

Altars:
Makhleb

Annotations:
D The Servant


Innate Abilities, Weirdness & Mutations

You are very small and have problems with some larger weapons.
You are too small for most types of armour.
You have supernaturally acute eyesight. (SInv)
You cover ground extremely quickly. (Speed+++)


Message History

Blink to where?
Press: ? - help, Dir - move target 3 bags of meat and 2 meat berserkers come into view.
As you read the scroll of blinking, it crumbles to dust.
The meat berserker shouts!
The bag of meat shouts!
The meat berserker shouts!
You hear a shout! x16
A bag of meat comes into view. It is wielding a +9 war axe. x2
You hear a shout! x7; You hear two shouts!
You hear a shout!
A meat berserker and 2 bags of meat come into view.
Found a ruby ring.
The sculptor of flesh appears out of thin air!
A sculptor of flesh comes into view. It is wielding a +9 great sword.
The bag of meat shouts! x2; The meat berserker shouts!
The bag of meat shouts! x3
You hear a shout! x4
A bag of meat comes into view. It is wielding a +9 war axe.
The bag of meat moves out of view.
A meat berserker comes into view. It is wielding a +9 battleaxe.
The bag of meat shouts!
You hit the bag of meat.
You slaughter the bag of meat joyfully.
You kill the bag of meat!
Makhleb accepts your kill.
A meat berserker comes into view. It is wielding a +9 battleaxe.
The meat berserker rages.
You hear a shout! x3
Your Axes skill gained 2 levels and is now at level 21! 3 bags of meat come into view.
The bag of meat shouts! x2; You hear a shout! x2
The meat berserker rages.
A bag of meat comes into view. It is wielding a +9 war axe.
You hear a shout! x6; The bag of meat shouts!
You hear a shout!
A bag of meat comes into view. It is wielding a +9 war axe.
The bag of meat shouts!
The meat berserker rages.
A sculptor of flesh and a destroyer come into view.
The destroyer is wielding a +9 vorpal great sword.
The destroyer shouts!
You hear a shout! x6
A bag of meat comes into view. It is wielding a +9 war axe.
The sculptor of flesh hits you with a +9 great sword!!!!!
Ouch! That really hurt!
You die...

#....o o#. #.ooo.
##...#
#.O..o###......#....
#..Oo#o.O...........
#..o...O.#........V.
#......o..#......o.#
#............#.....#
#.........#......###
#..@.#......O)).....
#.z..##..O.OO.#.....
#.....#...o.#))..o..
#=.....###oo.O.O....
#.....##.§o.#.Oo....
#....#.....o.O#)....
#...V#@...o...o.....
#....o.........oo###
........o.. #


You could see The Servant, a destroyer, a sculptor of flesh, 4 meat berserkers
and 9 bags of meat.

Vanquished Creatures
  3 vampire knights (D)
  8 ogres (D)
  10 orcs (D)
21 creatures vanquished.

Notes
Turn   | Place    | Note
-------+----------+-------------------------------------------
     0 | D        | Found the +∞ Axe of Woe
     0 | D        | NinjaNoafa the Spriggan Warper began the quest for the Orb.
     0 | D        | Reached XP level 1. HP: 10/10 MP: 5/5
     2 | D        | Noticed a meat berserker
     2 | D        | Noticed a bag of meat
     2 | D        | Noticed a bag of meat
     4 | D        | Killed a meat berserker
     4 | D        | Noticed a bag of meat
     4 | D        | Noticed a meat berserker
     5 | D        | Reached skill level 10 in Fighting
     5 | D        | Reached skill level 10 in Axes
     5 | D        | Reached XP level 2. HP: 25/25 MP: 5/18
     5 | D        | Reached XP level 3. HP: 29/29 MP: 5/20
     5 | D        | Reached XP level 4. HP: 34/34 MP: 5/21
     5 | D        | Reached XP level 5. HP: 37/37 MP: 5/23
     5 | D        | Reached XP level 6. HP: 42/42 MP: 5/24
     5 | D        | Reached XP level 7. HP: 46/46 MP: 5/26
     5 | D        | Reached XP level 8. HP: 51/51 MP: 5/27
     5 | D        | Reached XP level 9. HP: 55/55 MP: 5/28
     5 | D        | Reached XP level 10. HP: 60/60 MP: 5/29
     5 | D        | Reached XP level 11. HP: 64/64 MP: 5/30
     5 | D        | Became a worshipper of Makhleb the Destroyer
     5 | D        | Noticed a bag of meat
     6 | D        | Killed a meat berserker
     6 | D        | Noticed a bag of meat
     7 | D        | Reached XP level 12. HP: 72/72 MP: 5/34
     7 | D        | Reached XP level 13. HP: 76/76 MP: 5/35
     7 | D        | Noticed a bag of meat
     7 | D        | Noticed a meat berserker
     9 | D        | Noticed a bag of meat
    10 | D        | Killed a bag of meat
    10 | D        | Reached * piety under Makhleb
    10 | D        | Killed a bag of meat
    10 | D        | Killed a bag of meat
    11 | D        | Reached XP level 14. HP: 84/84 MP: 6/38
    11 | D        | Killed a bag of meat
    11 | D        | Reached ** piety under Makhleb
    12 | D        | Killed a bag of meat
    12 | D        | Killed a meat berserker
    12 | D        | Noticed a bag of meat
    13 | D        | Reached skill level 15 in Fighting
    13 | D        | Reached skill level 15 in Axes
    13 | D        | Reached XP level 15. HP: 91/91 MP: 6/41
    13 | D        | Noticed a meat berserker
    14 | D        | Reached *** piety under Makhleb
    15 | D        | Noticed a meat berserker
    18 | D        | Noticed a meat berserker
    21 | D        | Noticed a meat berserker
    21 | D        | Noticed a meat berserker
    21 | D        | Noticed a meat berserker
    21 | D        | Noticed a destroyer
    22 | D        | Noticed a meat berserker
    22 | D        | Noticed a meat berserker
    23 | D        | Killed a meat berserker
    23 | D        | Noticed a large bag of meat
    23 | D        | Noticed a meat berserker
    24 | D        | Reached skill level 27 in Translocations
    24 | D        | Noticed a meat berserker
    25 | D        | Noticed a destroyer
    26 | D        | Noticed a destroyer
    26 | D        | Noticed a large bag of meat
    27 | D        | Killed a meat berserker
    27 | D        | Noticed a destroyer
    28 | D        | Reached XP level 16. HP: 100/100 MP: 8/45
    28 | D        | Killed a destroyer
    28 | D        | Reached **** piety under Makhleb
    29 | D        | Reached skill level 27 in Dodging
    29 | D        | Killed a destroyer
    30 | D        | Reached skill level 10 in Invocations
    30 | D        | Killed a meat berserker
    31 | D        | Reached XP level 17. HP: 108/108 MP: 9/48
    31 | D        | Killed a meat berserker
    31 | D        | Noticed a large bag of meat
    32 | D        | Killed a destroyer
    32 | D        | Reached ***** piety under Makhleb
    32 | D        | Killed a meat berserker
    32 | D        | Noticed The Servant
    33 | D        | Reached skill level 27 in Fighting
    33 | D        | Reached skill level 27 in Invocations
    33 | D        | Reached XP level 18. HP: 127/127 MP: 9/49
    33 | D        | Noticed a meat berserker
    33 | D        | Noticed a meat berserker
    34 | D        | Noticed a meat berserker
    35 | D        | Noticed a meat berserker
    35 | D        | Noticed a sculptor of flesh
    35 | D        | Noticed a meat berserker
    39 | D        | Noticed a sculptor of flesh
    39 | D        | Noticed a destroyer
    39 | D        | Annihilated by a sculptor of flesh

Illustrated notes

Levels and vault maps discovered:
D:        meatsprint

Skill      XL: |  1  2  3  4  5  6  7  8  9 10 11 12 13 14 15 16 17 18 |
---------------+-------------------------------------------------------+-----
Fighting       | 10 12 14 15 17 19 27 | 27.0
Axes           | 10 12 14 15 17 19 21 | 21.4
Throwing       | 12 14 16 18 20 23 | 23.0
Dodging        | 16 18 21 23 26 27 | 27.0
Spellcasting   | 14 17 19 21 24 26 | 26.7
Translocations | 17 20 23 25 27 | 27.0
Invocations    | 17 27 | 27.0

Action                   |  1- 3 |  4- 6 |  7- 9 | 10-12 | 13-15 | 16-18 || total
-------------------------+-------+-------+-------+-------+-------+-------++-------
Melee: Broad axe         |     1 |       |       |     1 |     6 |     6 ||    14
  Use: Potion            |       |       |       |       |     1 |       ||     1
       Scroll            |       |       |       |       |       |     1 ||     1
Dodge: Dodged            |       |       |       |     1 |       |       ||     1

Table legend: (Time is in decaauts)
 A = Elapsed time spent in this place.
 B = Non-inter-level travel time spent in this place.
 C = Inter-level travel time spent in this place.
 D = Time resting spent in this place.
 E = Time spent auto-exploring this place.
 F = Levels seen in this place.
 G = Mean time per level.
                   A        B        C        D        E       F      G
               +--------+--------+--------+--------+--------+-----+--------+
         Total |     24 |     24 |      0 |      0 |      0 |   1 |   24.0 |
       Dungeon |     24 |     24 |      0 |      0 |      0 |   1 |   24.0 |
               +--------+--------+--------+--------+--------+-----+--------+

Top non-repeatable levels by time:
       D: 24 daAuts
